 Dungeon Crawl Stone Soup version 0.27-a0-401-gea03ee85fd (webtiles) character file.

Game seed: 10510491441018971719

219 racehazard the Chopper (level 5, -4/47 HPs)
             Began as a Hill Orc Berserker on Feb 21, 2021.
             Was a Believer of Trog.
             Killed from afar by an orc wizard (7 damage)
             ... with a puff of flame
             ... on level 3 of the Dungeon.
             The game lasted 00:04:48 (3480 turns).

racehazard the Chopper (Hill Orc Berserker)         Turns: 3480, Time: 00:04:48

Health: -4/47      AC:  3    Str: 21    XL:     5   Next: 96%
Magic:  5/5        EV: 12    Int:  7    God:    Trog [**....]
Gold:   140        SH:  0    Dex: 10    Spells: 4/4 levels left

rFire    . . .     SeeInvis .   a - +0 hand axe
rCold    . . .     Faith    .   (no shield)
rNeg     . . .     Spirit   .   e - +0 leather armour
rPois    .         Reflect  .   (no helmet)
rElec    .         Harm     .   (no cloak)
rCorr    .         Rampage  .   (no gloves)
Will     .....                  (no boots)
Stlth    +.........             (no amulet)
HPRegen  0.15/turn              (no ring)
MPRegen  0.09/turn              (no ring)

@: confused
A: no striking features
a: Renounce Religion, Berserk, Trog's Hand


You were on level 3 of the Dungeon.
You worshipped Trog.
Trog was pleased with you.
You visited 1 branch of the dungeon, and saw 3 of its levels.

You collected 140 gold pieces.

Inventory:

Hand Weapons
 a - a +0 hand axe (weapon)
Armour
 b - a +0 animal skin
 e - a +0 leather armour (worn)
Jewellery
 f - a +4 ring of slaying {unknown}
Scrolls
 c - a scroll of fog {unknown}
 d - 7 scrolls of identify {unknown}
 g - a scroll of random uselessness {unknown}
 h - a scroll of enchant armour {unknown}
 i - a scroll of teleportation {unknown}
Potions
 j - 2 potions of curing {unknown}
 k - a potion of lignification {unknown}


   Skills:
 + Level 4.8 Fighting
 + Level 6.7 Axes
 + Level 3.1 Armour
 + Level 2.1 Dodging
 + Level 0.5 Stealth


You had 4 spell levels left.
You didn't know any spells.
Your spell library was empty.

Dungeon Overview and Level Annotations

Branches:
Dungeon (3/15)

Altars:


Message History

The orc wizard points at you and mumbles some strange words.
You resist with some effort. The orc misses you.
You bump into the rock wall.
The orc closely misses you.
The orc wizard hits you with a +0 dagger. x2
The orc hits you with a +0 dagger.
You bump into the rock wall.
The orc closely misses you. The orc wizard misses you.
The orc wizard gestures at you while chanting.
The puff of flame hits you!
* * * LOW HITPOINT WARNING * * *
The orc hits you but does no damage.
You hit the orc.
The orc is moderately wounded.
You closely miss the orc wizard. You completely miss the orc.
You closely miss the orc wizard. The orc barely misses you.
The orc wizard casts a spell at you. The puff of flame misses you.
The orc wizard hits you with a +0 dagger.
* * * LOW HITPOINT WARNING * * *
The orc hits you but does no damage.
You bump into the rock wall.
The orc closely misses you.
The orc wizard hits you but does no damage.
The orc hits you but does no damage.
The orc wizard hits you but does no damage.
You closely miss the orc.
The orc is moderately wounded.
You hit the orc wizard but do no damage.
You hit the orc but do no damage. You hit the orc wizard.
The orc barely misses you. The orc wizard completely misses you.
The orc wizard misses you. The orc closely misses you.
You closely miss the orc.
The orc is moderately wounded.
You closely miss the orc wizard. You closely miss the orc.
You miss the orc wizard. The orc misses you.
The orc wizard casts a spell at you. The puff of flame hits you.
* * * LOW HITPOINT WARNING * * *
The orc wizard points at you and mumbles some strange words.
The puff of flame hits you!
You die...

#########.##..
.........#.# #
.######..#.#
##.######..#.####
................#
##..##.##.<#.##.#####.##
# .## #..#.##......... #
#......oo# #...(###@# #
........##oo# ..
[.....#....l. ##
#.###.##.....# # .
#.#....... ...........
#.#........ #.##.....#.#


You could see 2 orc wizards, 2 orcs and a leopard gecko.

Vanquished Creatures
  A centaur (D:2)
  Natasha (twice) (D:2)
  3 adders (D:2)
  2 dart slugs (D:2)
  2 leopard geckos
  A ball python (D:1)
  2 giant cockroaches (D:2)
  13 goblins
  6 hobgoblins
  2 jackals (D:2)
  8 bats
  6 frilled lizards
  10 kobolds
  3 rats
61 creatures vanquished.

Notes
Turn   | Place    | Note
-------+----------+-------------------------------------------
     0 | D:1      | racehazard the Hill Orc Berserker began the quest for the
                  | Orb.
     0 | D:1      | Reached XP level 1. HP: 19/19 MP: 1/1
   648 | D:1      | Reached XP level 2. HP: 27/27 MP: 2/2
  1060 | D:1      | Reached XP level 3. HP: 30/33 MP: 3/3
  1469 | D:1      | Reached skill level 5 in Axes
  1601 | D:2      | Reached ** piety under Trog
  1656 | D:2      | Reached XP level 4. HP: 19/40 MP: 4/4
  2001 | D:2      | Noticed Natasha
  2010 | D:2      | Killed Natasha
  2297 | D:2      | Noticed a centaur
  2310 | D:2      | Killed a centaur
  2311 | D:2      | Reached skill level 6 in Axes
  2311 | D:2      | Reached XP level 5. HP: 9/47 MP: 5/5
  3097 | D:2      | Noticed Natasha
  3120 | D:2      | Killed Natasha
  3480 | D:3      | Killed from afar by an orc wizard

Illustrated notes

Levels and vault maps discovered:
D:1:      ebering_trefoil_3fold, layout_loops_corners, corner_web_ring,
          chequers_serial_rivers_marsh
D:2:      layout_rooms, uniq_natasha
D:3:      layout_loops_ring, zin_statuary, minmay_lizard_king

Skill      XL: |  1  2  3  4  5 |
---------------+----------------+-----
Fighting       | 4 |  4.8
Axes           | 5 6 |  6.7
Dodging        | 2 |  2.1
Armour         | 3 |  3.1
Stealth        | |  0.5

Action                   |  1- 3 |  4- 6 || total
-------------------------+-------+-------++-------
Melee: Hand axe          |    94 |   115 ||   209
Armor: Animal skin       |     6 |       ||     6
       Leather armour    |    22 |    26 ||    48
Dodge: Dodged            |    65 |    92 ||   157

Table legend: (Time is in decaauts)
 A = Elapsed time spent in this place.
 B = Non-inter-level travel time spent in this place.
 C = Inter-level travel time spent in this place.
 D = Time resting spent in this place.
 E = Time spent auto-exploring this place.
 F = Levels seen in this place.
 G = Mean time per level.
                   A        B        C        D        E       F      G
               +--------+--------+--------+--------+--------+-----+--------+
         Total |   3489 |   3489 |      0 |    924 |   1924 |   3 | 1163.0 |
       Dungeon |   3489 |   3489 |      0 |    924 |   1924 |   3 | 1163.0 |
               +--------+--------+--------+--------+--------+-----+--------+

Top non-repeatable levels by time:
     D:2: 1793 daAuts
     D:1: 1589 daAuts
     D:3: 106 daAuts
